 Dungeon Crawl Stone Soup version 0.16.1-4-g8e1b745 (webtiles) character file.

71 inmateoo the Skirmisher (level 4, -2/24 HPs)
             Began as a Vine Stalker Fighter on Mar 28, 2015.
             Slain by a goblin
             ... wielding a +1 dagger of electrocution
             ... led by Robin
              (7 damage)
             ... on level 3 of the Dungeon.
             The game lasted 00:02:01 (1175 turns).

inmateoo the Skirmisher (Vine Stalker Fighter)      Turns: 1175, Time: 00:02:01

Health: -2/24      AC:  9    Str: 18    XL:     4   Next: 24%
Magic:  0/5        EV:  4    Int:  8    God:
Gold:   63         SH:  9    Dex: 15    Spells: 0 memorised, 3 levels left

rFire  . . .     SeeInvis .     a - +0 long sword
rCold  . . .     Clarity  .     f - +0 chain mail
rNeg   . . .     SustAb   .     c - +0 shield
rPois  .         Gourm    .     (no helmet)
rElec  .         Spirit   +     (no cloak)
rCorr  .         Warding  .     (no gloves)
rMut   .         Stasis   .     (no boots)
MR     .....                    (no amulet)
Stlth  ..........               (no ring)
                                (no ring)

@: not resistant to hostile enchantments, extremely unstealthy
A: fangs 2, regeneration 1, magic shield, antimagic bite, no device heal 3, rot
immunity
a: no special abilities


You were on level 3 of the Dungeon.
You were not hungry.

You visited 1 branch of the dungeon, and saw 3 of its levels.

You collected 63 gold pieces.

Inventory:

Hand weapons
 a - a +0 long sword (weapon)
Armour
 c - a +0 shield (worn)
 f - a +0 chain mail (worn)
Jewellery
 b - an uncursed ring of positive energy {unknown}
 l - an uncursed ring of protection from cold {unknown}
Scrolls
 g - a scroll of magic mapping {unknown}
 j - a scroll of recharging {unknown}
 m - 2 scrolls of teleportation {unknown}
Potions
 e - a potion of might
 h - a potion of brilliance {unknown}
 k - a potion of restore abilities {unknown}
 o - a potion of poison {unknown}
Comestibles
 d - a bread ration
 i - a meat ration
 n - a chunk of flesh


   Skills:
 + Level 3.3 Fighting
 * Level 2.5 Long Blades
 + Level 2.8 Armour
 + Level 3.0 Shields


You had 3 spell levels left.
You didn't know any spells.

Dungeon Overview and Level Annotations

Branches:
Dungeon (3/15)

Altars:
Kikubaaqudgha

Annotations:
D:3 Robin; inmateoo's ghost, average OpTm


Innate Abilities, Weirdness & Mutations

You have extremely sharp teeth.
Your natural rate of healing is unusually fast.
When hurt, damage is shared between your health and your magic reserves.
Your bite disrupts and absorbs the magic of your enemies.
Potions and wands cannot restore your health.
You are immune to rotting.


Message History

Found an escape hatch in the floor. 2 goblins and Robin come into view.
Inmateoo's ghost (average Octopode Transmuter) comes into view.
Robin shouts!
The goblin shouts!
The goblin shouts!
Inmateoo's ghost turns its malevolent gaze towards you.
The hobgoblin hits you but does no damage.
A goblin comes into view.
You closely miss the goblin.
The goblin shouts!
Your bite misses the goblin. The goblin hits you but does no damage.
You are electrocuted!
Ouch! That really hurt!
* * * LOW HITPOINT WARNING * * *
The hobgoblin hits you but does no damage.
Robin throws the goblin at you!
* * * LOW HITPOINT WARNING * * *
You block the goblin's attack.
You closely miss the goblin. The goblin hits you but does no damage.
You are electrocuted!
You die...

#$# .## #.# ... ....##.#
#.... ......#.###....
..........##..#
..........##.#
..g.g...[....#####
....gg.g..........#####
.g..g.gg@.....###.....##
.......g.g.......(††)..#
.....W.##....#####....#
......# #....# ##..##
.##.## #....# #### #.
##...# # #...# #.#..
#.#.#


You could see Robin, inmateoo's ghost, 2 hobgoblins and 8 goblins.

Vanquished Creatures
  2 adders (D:2)
  2 worms (D:2)
  A giant gecko (D:1)
  An orc (D:3)
  2 giant cockroaches
  3 hobgoblins
  3 jackals (D:3)
  8 kobolds
  A ball python (D:1)
  3 bats (D:2)
  A giant newt (D:1)
  6 goblins
  6 rats
39 creatures vanquished.

Notes
Turn   | Place    | Note
--------------------------------------------------------------
     0 | D:1      | inmateoo, the Vine Stalker Fighter, began the quest for the Orb.
     0 | D:1      | Reached XP level 1. HP: 11/11 MP: 1/1
   194 | D:1      | Reached XP level 2. HP: 13/16 MP: 3/3
   408 | D:1      | Reached skill level 3 in Fighting
   649 | D:2      | Reached XP level 3. HP: 20/20 MP: 4/4
   976 | D:2      | Reached XP level 4. HP: 22/24 MP: 5/5
  1019 | D:2      | Found an ancient bone altar of Kikubaaqudgha.
  1137 | D:2      | You fall through a shaft!
  1173 | D:3      | Noticed Robin
  1173 | D:3      | Noticed inmateoo's ghost (average OpTm)
  1175 | D:3      | Slain by a goblin

Action                   |  1- 3 |  4- 6 || total
-------------------------+-------+-------++-------
Melee: Long sword        |    96 |    30 ||   126
  Eat: Chunk             |       |     1 ||     1
